 Dungeon Crawl Stone Soup version 0.29-a0-914-g906f1d757c (webtiles) character file.

Game seed: 16133679159138538206

25 2tc the Chopper (level 3, -6/31 HPs)
             Began as a Hill Orc Cinder Acolyte on July 26, 2022.
             Was a High Priest of Ignis.
             Mangled by a gnoll
             ... wielding a +0 halberd
              (12 damage)
             ... on level 2 of the Dungeon.
             The game lasted 00:04:52 (1444 turns).

2tc the Chopper (Hill Orc Cinder Acolyte)           Turns: 1444, Time: 00:04:53

Health: -6/31      AC:  4    Str: 16    XL:     3   Next: 4%
Magic:  1/4        EV: 11    Int: 14    God:    Ignis [*****.]
Gold:   36         SH:  0    Dex:  8    Spells: 2/4 levels left

rFire   + . .      SeeInvis .   c - +1 dagger (venom)
rCold   . . .      Faith    .   (no shield)
rNeg    . . .      Spirit   .   j - +0 robe
rPois   .          Reflect  .   h - +0 helmet
rElec   .          Harm     .   (no cloak)
rCorr   +          Rampage  .   (no gloves)
Will    .....                   e - +0 pair of boots
Stlth   +.........              (no amulet)
HPRegen 0.10/turn               f - ring of resist corrosion
MPRegen 0.09/turn               (no ring)

@: no status effects
A: no striking features
a: Renounce Religion, Fiery Armour, Foxfire Swarm, Rising Flame


You were on level 2 of the Dungeon.
You worshipped Ignis.
Ignis was extremely pleased with you.
You visited 1 branch of the dungeon, and saw 2 of its levels.

You collected 36 gold pieces.

Inventory:

Hand Weapons
 a - a -1 hand axe of flaming
 c - a +1 dagger of venom (weapon)
Armour
 e - a +0 pair of boots (worn)
 h - a +0 helmet (worn)
 j - a +0 robe (worn)
Jewellery
 f - a ring of resist corrosion (left hand)
Scrolls
 b - a scroll of fear {unknown}
 g - 2 scrolls of teleportation
 i - a scroll of identify
Potions
 d - a potion of flight


   Skills:
 - Level 3.6 Fighting
 * Level 5.5 Axes
 - Level 1.0 Spellcasting
 - Level 3.2 Fire Magic


You had 2 spell levels left.
You knew the following spells:

 Your Spells              Type           Power      Damage    Failure   Level
a - Scorch                Fire           18%        2d6       11%         2

Your spell library contained the following spells:

 Spells                   Type           Power      Damage    Failure   Level
 Ensorcelled Hibernation  Hex/Ice        0%         N/A       36%         2
 Spider Form              Tmut/Pois      0%         N/A       61%         3
 Anguish                  Hex/Necr       0%         N/A       95%         4


Dungeon Overview and Level Annotations

Branches:
Dungeon (2/15)

Altars:


Message History

The gnoll misses you.
You barely miss the gnoll.
The gnoll is moderately wounded.
The gnoll barely misses you.
You hit the gnoll but do no damage.
The gnoll is poisoned.
The gnoll is moderately wounded.
The gnoll hits you with a +0 spear.
You hit the gnoll.
The gnoll is moderately wounded.
The gnoll hits you from afar with a +0 halberd.
The gnoll barely misses you.
You hit the gnoll but do no damage.
The gnoll looks even sicker.
The gnoll is moderately wounded.
The gnoll hits you with a +0 spear! The gnoll misses you.
The gnoll hits you but does no damage.
Okay, then.
Unknown command.
Unknown command.
Casting: Scorch (safe; 11% risk of failure)
Confirm with . or Enter, or press ? or * to list all spells.
Flames lash the gnoll.
You kill the gnoll!
You hear a shout!
You have reached level 3!
Your experience leads to an increase in your attributes!
Increase (S)trength, (I)ntelligence, or (D)exterity?
You feel agile. x2
The gnoll throws a throwing net.
The throwing net hits you.
You become entangled in the net!
You see here a throwing net.
You struggle against the net.
You struggle against the net.
The gnoll hits you from afar with a +0 halberd.
You shred the net and break free!
A gnoll comes into view. It is wielding a +0 whip.
The gnoll hits you from afar with a +0 halberd.
* * * LOW HITPOINT WARNING * * *
There is a stone staircase leading up here.
The gnoll hits you from afar with a +0 halberd!
You die...

#...g.g......
#.###########
#g# #.#
#######)#
#....##.# #
#..g.g#
#.##.g######
#..@....>..#
####..####.#
#..# #..#
#..# ...#
#.## #.#


You could see 3 gnolls.

Vanquished Creatures
  A gnoll (D:2)
  2 ball pythons (D:1)
  A bat (D:1)
  2 endoplasms (D:1)
  2 giant cockroaches (D:1)
  2 goblins (D:1)
  3 rats (D:1)
13 creatures vanquished.

Vanquished Creatures (others)
  26 plants (D:1)
26 creatures vanquished.

Grand Total: 39 creatures vanquished

Notes
Turn   | Place    | Note
-------+----------+-------------------------------------------
     0 | D:1      | 2tc the Hill Orc Cinder Acolyte began the quest for the
                  | Orb.
     0 | D:1      | Reached XP level 1. HP: 19/19 MP: 2/2
   327 | D:1      | Reached XP level 2. HP: 18/26 MP: 3/3
   709 | D:1      | Found a faded altar of an unknown god.
   726 | D:1      | Reached skill level 5 in Axes
  1195 | D:1      | Learned a level 2 spell: Scorch
  1437 | D:2      | Reached XP level 3. HP: 16/31 MP: 0/4
  1444 | D:2      | Mangled by a gnoll

Illustrated notes

Levels and vault maps discovered:
D:1:      roderic_crop_circles_arrival_small, layout_rooms,
          ebering_ecumenical_altar_mist
D:2:      minmay_roachtagon, layout_loops_ring, kennysheep_generic_room_9,
          uniq_terence

Skill      XL: |  1  2 |
---------------+-------+-----
Axes           | 5 |  5.5
Fighting       | |  3.6
Spellcasting   | |  1.0
Fire Magic     | |  3.2

Action                   || total
-------------------------++-------
Melee: Hand axe          ||    44
       Dagger            ||    50
 Cast: Scorch            ||     2
  Use: Scroll            ||     3
Armor: Robe              ||    32
       Leather armour    ||     4
Dodge: Dodged            ||    68

Table legend: (Time is in decaauts)
 A = Elapsed time spent in this place.
 B = Non-inter-level travel time spent in this place.
 C = Inter-level travel time spent in this place.
 D = Time resting spent in this place.
 E = Time spent auto-exploring this place.
 F = Levels seen in this place.
 G = Mean time per level.
                   A        B        C        D        E       F      G
               +--------+--------+--------+--------+--------+-----+--------+
         Total |   1445 |   1366 |     79 |    509 |    597 |   2 |  722.5 |
       Dungeon |   1445 |   1366 |     79 |    509 |    597 |   2 |  722.5 |
               +--------+--------+--------+--------+--------+-----+--------+

Top non-repeatable levels by time:
     D:1: 1397 daAuts
     D:2: 48 daAuts
